 Dungeon Sprint DCSS version 0.21.1-1-g345015f (webtiles) character file.

18697 Psiloshibe the Hawkeye (level 15, 0/137 HPs)
             Began as a Barachi Berserker on June 23, 2018.
             Was an Elder of Trog.
             Slain by Mennas
             ... wielding a +5 trishula of holy wrath
              (7 damage)
             ... in the Dungeon (Sprint VI: "Thunderdome").
             The game lasted 00:42:56 (3007 turns).

Psiloshibe the Hawkeye (Barachi Berserker)          Turns: 3007, Time: 00:42:57

Health: 0/137      AC: 45    Str: 33    XL:     15   Next: 93%
Magic:  20/23      EV: 14    Int: 12    God:    Trog [****..]
Gold:   4102       SH:  0    Dex:  8    Spells: 14/14 levels left

rFire    + + +     SeeInvis +   b - +8 lajatang (venom)
rCold    + + .     Gourm    .   (shield currently unavailable)
rNeg     + + .     Faith    .   W - +12 gold dragon scales
rPois    +         Spirit   .   B - +2 helmet {SInv}
rElec    .         Reflect  .   r - +0 cloak
rCorr    .         Harm     .   N - +2 pair of gloves {Str+3}
MR       ++...     NoTele   +   D - +1 pair of boots of Distant Shores {rPois rC+ Stlth+}
Stlth    ..........             p - amulet "Dinot" {rF++ MR+ Regen+ Int+4 Dex-5}
HPRegen  0.72/turn              n - ring "Wousu" {MP+9 Str+3}
MPRegen  0.18/turn              y - ring "Koamm" {*Contam rN++ EV+4 Str+4}

@: can't hop, berserk cooldown, hasted (expiring), glowing, silenced, quick
A: +LOS, swims, blurry vision 1, low mp 1, slowness 1, MP-powered wands, strong
legs 2
}: 3/15 runes: decaying, barnacled, mossy
a: Hop, Renounce Religion


You were in the Dungeon.
You worshipped Trog.
Trog was greatly pleased with you.
You were not hungry.

You visited 1 branch You collected 8900 gold pieces.
You spent 4798 gold pieces at shops.

Inventory:

Hand Weapons
 a - a +9 quarterstaff of chaos
 b - a +8 lajatang of venom (weapon)
 t - a +4 triple sword of slicing
 C - a +6 quarterstaff of holy wrath
 E - a +4 antimagic great sword
 H - a +1 scimitar of flaming
 K - a +4 quarterstaff of protection
Missiles
 s - 6 javelins of penetration (quivered)
 x - 20 silver javelins
 z - 14 javelins of returning
 F - 4 exploding tomahawks
 O - 27 poisoned javelins
Armour
 r - a +0 cloak (worn)
 u - a +0 shield
 v - a +2 robe of resistance
 w - a +1 scale mail of magic resistance
 B - a +2 helmet of see invisible (worn)
 D - the +1 pair of boots of Distant Shores (worn) {rPois rC+ Stlth+}
   (You bought it in a shop in the Dungeon)

   It protects you from cold.
   It protects you from poison.
   It makes you more stealthy.
 N - a +2 pair of gloves of strength (worn)
 W - +12 gold dragon scales (worn)
Jewellery
 n - the ring "Wousu" (left hand) {MP+9 Str+3}
   (You bought it in a shop in the Dungeon)

   [ring of magical power]

   It affects your strength (+3).
   It affects your magic capacity (+9).
 o - the ring of the Peasants {rC+ rN+ MR- Int+7}
   (You bought it in a shop in the Dungeon)

   [ring of protection from cold]

   It affects your intelligence (+7).
   It protects you from cold.
   It protects you from negative energy.
   It affects your resistance to hostile enchantments.
 p - the amulet "Dinot" (around neck) {rF++ MR+ Regen+ Int+4 Dex-5}
   (You bought it in a shop in the Dungeon)

   [amulet of regeneration]

   It affects your intelligence (+4).
   It affects your dexterity (-5).
   It greatly protects you from fire.
   It affects your resistance to hostile enchantments.
   It increases your rate of regeneration.
 y - the ring "Koamm" (right hand) {*Contam rN++ EV+4 Str+4}
   (You bought it in a shop in the Dungeon)

   [ring of evasion]

   It affects your evasion (+4).
   It affects your strength (+4).
   It greatly protects you from negative energy.
   It causes magical contamination when unequipped.
 A - the ring of Lilyha {+Fly rN+ Dex+5}
   (You bought it in a shop in the Dungeon)

   [ring of flight]

   It affects your dexterity (+5).
   It protects you from negative energy.
   It lets you fly.
Wands
 k - a wand of acid (4)
 l - a wand of iceblast (4)
Scrolls
 i - 3 scrolls of blinking
 m - 3 scrolls of fog
 q - 4 scrolls of enchant weapon
 R - 2 scrolls of identify
Potions
 f - 3 potions of haste
 g - 2 potions of magic
 h - a potion of berserk rage
 G - 2 potions of invisibility {unknown}
 S - a potion of degeneration {unknown}
 T - a potion of curing
Miscellaneous
 L - a lamp of fire
Comestibles
 c - 3 rations


   Skills:
 * Level 18.6 Fighting
 + Level 10.3 Long Blades
   Level 1.6(2.0) Axes
   Level 1.4(11.5) Polearms
 * Level 18.1 Staves
 * Level 22.5 Throwing
 * Level 16.9 Armour
 + Level 7.9 Dodging
 + Level 7.5 Stealth
 + Level 1.6 Shields
 + Level 3.7 Unarmed Combat
 + Level 2.0 Evocations


You had 14 spell levels left.
You didn't know any spells.

Dungeon Overview and Level Annotations

Branches:
Dungeon (1/1)

Altars:
Cheibriados
Dithmenos
Fedhas
Gozag
Kikubaaqudgha
Makhleb
Okawaru
Qazlal
Ru
Sif Muna
Trog
Uskayaw
Vehumet
Wu Jian
Xom
Yredelemnul
Zin
The Shining One
Beogh
Jiyva
Lugonu

Shops:
D *[%??*?*:[((!!!!

Annotations:
D Mennas


Innate Abilities, Weirdness & Mutations

Shadows flee at your approach. (+LOS)
You can swim through water.
You cover ground slowly.
You can hop long distances.
Scrolls take you a little longer to read.
Your magical capacity is low. (-10% MP)
You expend magic power (3 MP) to strengthen your wands.


Message History

You kill the vault guard!
Trog accepts your kill. Something appears at your feet!
Trog grants you ammunition!
Your Evocations skill increases to level 2!
Mennas hits you from afar with a trishula of holy wrath!
* * * LOW HITPOINT WARNING * * *
Mennas hits you but does no damage.
Okay, then.
There is a staircase leading out of the dungeon here.
Throwing (i - inventory. (,) - cycle):
s - 7 javelins of penetration (quivered)
Press: ? - help, Shift-Dir - straight line, f - yaktaur
Aim: a yaktaur, wielding an enchanted arbalest (silenced, heavily wounded, haloed)
You throw a javelin of penetration.
The javelin of penetration misses Mennas.
The javelin of penetration pierces through the yaktaur.
The yaktaur is severely wounded.
Mennas hits you but does no damage.
Mennas hits you from afar with a trishula of holy wrath!
You die...

###(........### #((.).(.(...(⌠#
######.8(.(p..(..8.######
##∩_._..).))###)..)..___∩##
###∩....[(.)8.# #c8[.......∩###
##((=..).(.)((.###)...[........#
#⌠[...[((...###..A###((.).[....⌠
#(.c..(.((..# #.<.# #...[......⌠
#[...(....((###@..###.)..[.....⌠
##..[[.(([())((###..).....[....#
###∩.[.(().[8(# #[8(.......∩###
##∩___[...[(###[(....___∩##
######[8..(..).(.8.######
#()...(.)....⌠# ###...[.....###
#_......._# #........_#


You could see Mennas and a yaktaur.

Vanquished Creatures
  A thorn hunter (D)
  An orc warlord (D)
  A ghoul (D)
  A vampire knight (D)
  An eidolon (D)
  2 merfolk javelineers (D)
  A merfolk impaler (D)
  4 yaktaur captains (D)
  4 vault guards (D)
  An ice dragon (D)
  Harold (D)
  A merfolk aquamancer (D)
  An orc high priest (D)
  A skeletal warrior (D)
  3 sea snakes (D)
  A wizard (D)
  5 orc knights (D)
  2 manticores (D)
  A cyclops (D)
  A shining eye (D)
  A merfolk siren (D)
  Joseph (D)
  10 yaktaurs (D)
  3 golden dragon simulacra (D)
  2 trolls (D)
  2 merfolk (D)
  3 bog bodies (D)
  A stone giant simulacrum (D)
  A slime creature (D)
  3 hippogriffs (D)
  A snapping turtle (D)
  A wraith (D)
  A water elemental (D)
  6 redbacks (D)
  2 neqoxecs (D)
  6 hungry ghosts (D)
  2 hydra simulacra (D)
  2 floating eyes (D)
  3 orc warriors (D)
  9 dwarves (D)
  Blork the orc (D)
  2 gnoll sergeants (D)
  A howler monkey (D)
  An orc priest (D)
  3 jellies (D)
  Crazy Yiuf (D)
  An adder (D)
  3 gnolls (D)
  An adder zombie (D)
  4 orcs (D)
  2 jackals (D)
114 creatures vanquished.

Vanquished Creatures (collateral kills)
  Agnes (D)
  the Lernaean hydra (D)
  Ilsuiw (D)
  3 ghouls (D)
  A vault guard (D)
  A vampire mage (D)
  A death knight (D)
  An orc high priest (D)
  An iron troll (D)
  A skeletal warrior (D)
  A flayed ghost (D)
  A wizard (D)
  2 orc sorcerers (D)
  A merfolk siren (D)
  A tyrant leech (D)
  A merfolk (D)
  A bog body (D)
  A snapping turtle (D)
  A hippogriff (D)
  10 neqoxecs (D)
  2 hungry ghosts (D)
  A hydra simulacrum (D)
  2 necrophages (D)
  2 spriggan simulacra (D)
39 creatures vanquished.

Vanquished Creatures (others)
  Erica (D)
1 creature vanquished.

Grand Total: 154 creatures vanquished

Notes
Turn   | Place    | Note
-------+----------+-------------------------------------------
     0 | D        | Psiloshibe the Barachi Berserker began the quest for the Orb.
     0 | D        | Reached XP level 1. HP: 18/18 MP: 1/1
     0 | D        | Found a shadowy altar of Dithmenos.
     0 | D        | Found a burning altar of Makhleb.
     3 | D        | Found a glowing silver altar of Zin.
     4 | D        | Found a basalt altar of Yredelemnul.
     4 | D        | Found a sacrificial altar of Ru.
     5 | D        | Found a bloodstained altar of Trog.
     5 | D        | Found a glowing golden altar of the Shining One.
     5 | D        | Round 1.
     6 | D        | Found Ocvybed's Delicious Food.
     6 | D        | Found an opulent altar of Gozag.
     6 | D        | Found Otip's Identification Station.
     6 | D        | Found a radiant altar of Vehumet.
     7 | D        | Found Ampik's Jewellery.
     7 | D        | Found Ziorevic's Advanced Armour.
     7 | D        | Found an ornate altar of the Wu Jian Council.
     7 | D        | Found a stormy altar of Qazlal.
     7 | D        | Found a hide-covered altar of Uskayaw.
    13 | D        | Noticed Crazy Yiuf
    17 | D        | Bought a shimmering bronze ring for 45 gold pieces
    17 | D        | Bought a faintly glowing lapis lazuli ring for 45 gold pieces
    17 | D        | Bought a fine tin amulet for 45 gold pieces
    17 | D        | Identified the ring "Wousu" {MP+9 Str+3} (You bought it in a shop in the Dungeon)
    18 | D        | Identified the ring of the Peasants {rC+ rN+ MR- Int+7} (You bought it in a shop in the Dungeon)
    19 | D        | Identified the amulet "Dinot" {rF++ MR+ Regen+ Int+4 Dex-5} (You bought it in a shop in the Dungeon)
    23 | D        | Killed Crazy Yiuf
    23 | D        | Reached skill level 5 in Fighting
    23 | D        | Reached skill level 5 in Long Blades
    23 | D        | Reached skill level 2 in Throwing
    23 | D        | Reached XP level 2. HP: 27/27 MP: 1/2
    23 | D        | Reached XP level 3. HP: 33/33 MP: 1/3
    41 | D        | Found Ofrejef's Magic Scroll Shop.
    42 | D        | Found Fyufecye's Magic Scroll Shop.
    42 | D        | Found Zocics's Must-Have Magic.
    43 | D        | Found Ceapsusch's Staff Store.
    48 | D        | Found a deep blue altar of Sif Muna.
    51 | D        | Found a viscous altar of Jiyva.
    53 | D        | Found an ancient bone altar of Kikubaaqudgha.
    55 | D        | Found a roughly hewn altar of Beogh.
    55 | D        | Found a shimmering altar of Xom.
    55 | D        | Found a snail-covered altar of Cheibriados.
    60 | D        | Found an iron altar of Okawaru.
    61 | D        | Found a corrupted altar of Lugonu.
    62 | D        | Found Feaciy's Do-It-Yourself Clinic.
    62 | D        | Found Zechax's Distillery.
    62 | D        | Found a blossoming altar of Fedhas.
    63 | D        | Found Icarareb's Bottled Wisdom.
    63 | D        | Found Kocwofaw's Distillery.
    65 | D        | Found Duepulyl's Weapon Rack.
    65 | D        | Found Pofuck's Premium Goods.
    71 | D        | Found Surokh's Basic Armour.
    71 | D        | Found Beomeris's Miscellaneous Merchandise.
    97 | D        | Noticed a gnoll sergeant
    99 | D        | Reached ** piety under Trog
   103 | D        | Reached skill level 1 in Staves
   103 | D        | Reached skill level 3 in Throwing
   108 | D        | Killed a gnoll sergeant
   108 | D        | Reached XP level 4. HP: 23/43 MP: 4/4
   114 | D        | Noticed a gnoll sergeant
   124 | D        | Killed a gnoll sergeant
   124 | D        | Arena points: 14 (+14) [x2]
   124 | D        | Reached skill level 4 in Throwing
   124 | D        | Reached XP level 5. HP: 19/49 MP: 5/5
   165 | D        | Round 2.
   192 | D        | Noticed Blork the orc
   200 | D        | Killed Blork the orc
   200 | D        | Reached *** piety under Trog
   200 | D        | Reached skill level 5 in Throwing
   200 | D        | Reached skill level 1 in Stealth
   200 | D        | Reached XP level 6. HP: 57/57 MP: 6/6
   291 | D        | Reached **** piety under Trog
   291 | D        | Received a gift from Trog
   291 | D        | Arena points: 50 (+36) [x3]
   339 | D        | Round 3.
   346 | D        | Noticed a hippogriff
   351 | D        | Killed a hippogriff
   351 | D        | Reached skill level 5 in Staves
   351 | D        | Reached skill level 6 in Throwing
   351 | D        | Reached XP level 7. HP: 64/65 MP: 7/7
   390 | D        | Noticed a merfolk siren
   397 | D        | Noticed a hippogriff
   400 | D        | Killed a merfolk siren
   400 | D        | Reached skill level 7 in Throwing
   400 | D        | Reached skill level 5 in Armour
   400 | D        | Reached skill level 5 in Dodging
   404 | D        | Killed a hippogriff
   404 | D        | Reached XP level 8. HP: 75/75 MP: 8/8
   440 | D        | Noticed a merfolk siren
   449 | D        | Killed a merfolk siren
   449 | D        | Received a gift from Trog
   449 | D        | Reached ***** piety under Trog
   457 | D        | Noticed a hippogriff
   463 | D        | Noticed a hippogriff
   463 | D        | Killed a hippogriff
   471 | D        | Killed a hippogriff
   471 | D        | Arena points: 134 (+84) [x4]
   471 | D        | Reached skill level 10 in Long Blades
   498 | D        | Bought a heavily runed platinum ring for 45 gold pieces
   499 | D        | Identified the ring "Koamm" {*Contam rN++ EV+4 Str+4} (You bought it in a shop in the Dungeon)
   500 | D        | Round 4.
   533 | D        | Reached skill level 10 in Staves
   537 | D        | Noticed Joseph
   553 | D        | Killed Joseph
   553 | D        | Received a gift from Trog
   553 | D        | Reached XP level 9. HP: 52/83 MP: 9/9
   611 | D        | Reached skill level 8 in Throwing
   614 | D        | Received a gift from Trog
   614 | D        | Arena points: 294 (+160) [x5]
   673 | D        | Round 5.
   676 | D        | Noticed a tyrant leech
   682 | D        | Noticed the 27-headed Lernaean hydra
   682 | D        | Killed a tyrant leech
   691 | D        | Noticed a spiny frog
   692 | D        | Noticed a tyrant leech
   692 | D        | Killed the 26-headed Lernaean hydra
   692 | D        | Received a gift from Trog
   692 | D        | Arena points: 574 (+280) [x7]
   692 | D        | Reached skill level 9 in Throwing
   692 | D        | Reached skill level 10 in Armour
   692 | D        | Reached XP level 10. HP: 92/92 MP: 10/10
   693 | D        | Got a decaying rune of Zot
   701 | D        | Reached skill level 1 in Axes
   701 | D        | Reached skill level 1 in Polearms
   701 | D        | Reached skill level 1 in Shields
   701 | D        | Reached skill level 1 in Unarmed Combat
   701 | D        | Reached skill level 1 in Evocations
   701 | D        | Reached XP level 11. HP: 99/99 MP: 11/11
   727 | D        | Bought 3 scrolls of identify for 150 gold pieces
   741 | D        | Bought a pair of distressingly furry boots for 332 gold pieces
   746 | D        | Identified the +2 pair of boots "Hojofuf" {*Drain Int+5 Dex+3 Slay-4} (You bought it in a shop in the Dungeon)
   861 | D        | Round 6.
   890 | D        | Noticed a shining eye
   892 | D        | Killed a shining eye
   892 | D        | Received a gift from Trog
   903 | D        | Received a gift from Trog
   923 | D        | Received a gift from Trog
   924 | D        | Paralysed by a floating eye for 2 turns
   926 | D        | Arena points: 958 (+384) [x8]
   945 | D        | Bought a pair of dazzling boots for 332 gold pieces
   951 | D        | Identified the +1 pair of boots of Distant Shores {rPois rC+ Stlth+} (You bought it in a shop in the Dungeon)
   984 | D        | Round 7.
  1006 | D        | Noticed a wizard
  1015 | D        | Noticed Erica
  1015 | D        | Noticed Harold
  1017 | D        | Killed a wizard
  1029 | D        | Killed Erica
  1040 | D        | Killed Harold
  1040 | D        | Received a gift from Trog
  1040 | D        | Reached skill level 15 in Staves
  1040 | D        | Reached skill level 10 in Throwing
  1111 | D        | Noticed Rupert
  1140 | D        | Arena points: 1014 (+56) [x1]
  1151 | D        | Round 8.
  1211 | D        | Received a gift from Trog
  1271 | D        | Reached skill level 5 in Stealth
  1275 | D        | Arena points: 1158 (+144) [x2]
  1306 | D        | Bought 2 rations for 40 gold pieces
  1306 | D        | Bought 2 rations for 40 gold pieces
  1328 | D        | Round 9.
  1337 | D        | Received a gift from Trog
  1337 | D        | Reached skill level 11 in Throwing
  1376 | D        | Arena points: 1428 (+270) [x3]
  1395 | D        | Round 10.
  1409 | D        | Noticed Ilsuiw
  1431 | D        | Received a gift from Trog
  1439 | D        | Killed Ilsuiw
  1439 | D        | Received a gift from Trog
  1439 | D        | Arena points: 1878 (+450) [x5]
  1439 | D        | Reached skill level 15 in Fighting
  1439 | D        | Reached skill level 12 in Throwing
  1439 | D        | Reached XP level 12. HP: 102/109 MP: 12/12
  1442 | D        | Got a barnacled rune of Zot
  1573 | D        | Round 11.
  1588 | D        | Noticed a ghoul
  1592 | D        | Noticed a ghoul
  1595 | D        | Killed a ghoul
  1595 | D        | Reached skill level 13 in Throwing
  1603 | D        | Killed a ghoul
  1606 | D        | Received a gift from Trog
  1611 | D        | Noticed a ghoul
  1619 | D        | Killed a ghoul
  1621 | D        | Reached skill level 14 in Throwing
  1623 | D        | Arena points: 2538 (+660) [x6]
  1691 | D        | Round 12.
  1703 | D        | Gained mutation: Your magical capacity is low. (-10% MP) [a neqoxec]
  1704 | D        | Gained mutation: Scrolls take you a little longer to read. [a neqoxec]
  1709 | D        | Received a gift from Trog
  1728 | D        | Gained mutation: You expend magic power (3 MP) to strengthen your wands. [a neqoxec]
  1728 | D        | Received a gift from Trog
  1733 | D        | Received a gift from Trog
  1734 | D        | Received a gift from Trog
  1744 | D        | Arena points: 3630 (+1092) [x7]
  1758 | D        | Round 13.
  1796 | D        | Received a gift from Trog
  1796 | D        | Reached skill level 15 in Throwing
  1910 | D        | Reached ****** piety under Trog
  1921 | D        | Arena points: 4670 (+1040) [x8]
  1943 | D        | Round 14.
  1950 | D        | Received a gift from Trog
  1986 | D        | Received a gift from Trog
  1986 | D        | Reached skill level 16 in Throwing
  2020 | D        | Arena points: 6056 (+1386) [x9]
  2044 | D        | Bought a wavering marble ring for 45 gold pieces
  2046 | D        | Identified the cursed ring "Xitupnut" {rN+ AC-3 Int+4} (You bought it in a shop in the Dungeon)
  2049 | D        | Bought a warped amber ring for 45 gold pieces
  2051 | D        | Identified the ring "Sonn" {+Fly rN+ Str-4 SInv} (You bought it in a shop in the Dungeon)
  2054 | D        | Bought a faintly glowing amber ring for 45 gold pieces
  2056 | D        | Identified the ring "Moetocif" {Str+2 Int+7 Stlth-} (You bought it in a shop in the Dungeon)
  2059 | D        | Bought a scintillating bronze ring for 45 gold pieces
  2069 | D        | Round 15.
  2073 | D        | Bought 3 scrolls of identify for 150 gold pieces
  2076 | D        | Identified the ring of Lilyha {+Fly rN+ Dex+5} (You bought it in a shop in the Dungeon)
  2077 | D        | Noticed a thorn hunter
  2081 | D        | Killed a thorn hunter
  2081 | D        | Gained mutation: You can hop long distances. [Barachi growth]
  2081 | D        | Reached XP level 13. HP: 119/119 MP: 12/12
  2084 | D        | Reached XP level 14. HP: 126/126 MP: 13/13
  2100 | D        | Noticed Agnes
  2144 | D        | HP: 9/189 [Agnes/lajatang of venom (22)]
  2147 | D        | Killed Agnes
  2147 | D        | Arena points: 7871 (+1815) [x11]
  2147 | D        | Reached skill level 17 in Throwing
  2147 | D        | Reached skill level 15 in Armour
  2148 | D        | Got a mossy rune of Zot
  2152 | D        | HP: 6/128 [poisoned by Agnes]
  2157 | D        | Bought 4 potions of curing for 84 gold pieces
  2157 | D        | Bought 3 potions of heal wounds for 105 gold pieces
  2157 | D        | Bought 3 potions of heal wounds for 105 gold pieces
  2201 | D        | Bought +0 gold dragon scales for 960 gold pieces
  2246 | D        | Bought 4 scrolls of enchant armour for 300 gold pieces
  2246 | D        | Bought 4 scrolls of enchant armour for 300 gold pieces
  2246 | D        | Bought 8 scrolls of enchant weapon for 600 gold pieces
  2303 | D        | Reached XP level 15. HP: 134/134 MP: 11/14
  2322 | D        | Round 16.
  2372 | D        | Reached skill level 18 in Throwing
  2388 | D        | Received a gift from Trog
  2406 | D        | Received a gift from Trog
  2420 | D        | Arena points: 9983 (+2112) [x12]
  2463 | D        | Bought 2 rations for 40 gold pieces
  2483 | D        | Round 17.
  2556 | D        | Reached skill level 19 in Throwing
  2563 | D        | Received a gift from Trog
  2604 | D        | Arena points: 12856 (+2873) [x13]
  2624 | D        | Bought 4 scrolls of enchant armour for 300 gold pieces
  2624 | D        | Bought 8 scrolls of enchant weapon for 600 gold pieces
  2656 | D        | Round 18.
  2660 | D        | Received a gift from Trog
  2670 | D        | Reached skill level 20 in Throwing
  2691 | D        | Noticed an orc warlord
  2704 | D        | Killed an orc warlord
  2711 | D        | Received a gift from Trog
  2721 | D        | Received a gift from Trog
  2727 | D        | Received a gift from Trog
  2731 | D        | Arena points: 16132 (+3276) [x14]
  2797 | D        | Round 19.
  2806 | D        | Reached skill level 21 in Throwing
  2810 | D        | Noticed a ghoul
  2819 | D        | Killed a ghoul
  2822 | D        | Received a gift from Trog
  2829 | D        | Received a gift from Trog
  2862 | D        | Arena points: 18697 (+2565) [x15]
  2876 | D        | Round 20.
  2877 | D        | Noticed Mennas
  2921 | D        | Received a gift from Trog
  2926 | D        | Reached skill level 22 in Throwing
  2992 | D        | HP: 6/137 [Mennas/trishula of holy wrath (18)]
  3003 | D        | Received a gift from Trog
  3004 | D        | Received a gift from Trog
  3004 | D        | HP: 5/137 [Mennas/trishula of holy wrath (9)]
  3007 | D        | Slain by Mennas

Skill      XL: |  1  2  3  4  5  6  7  8  9 10 11 12 13 14 15 |
---------------+----------------------------------------------+-----
Fighting       | 5 7 8 9 11 12 13 15 16 17 18 | 18.6
Long Blades    | 5 7 8 9 10 | 10.3
Throwing       | 2 3 4 5 6 7 9 12 16 17 22 | 22.5
Armour         | 3 4 6 7 10 13 14 15 16 | 16.9
Dodging        | 3 4 5 6 7 |  7.9
Staves         | 2 3 4 5 8 10 13 15 16 18 | 18.1
Stealth        | 1 2 3 4 5 6 7 |  7.5
Axes           | 1 |  1.6
Polearms       | 1 |  1.4
Shields        | 1 |  1.6
Unarmed Combat | 1 3 |  3.7
Evocations     | 1 2 |  2.0

Action                   |  1- 3 |  4- 6 |  7- 9 | 10-12 | 13-15 || total
-------------------------+-------+-------+-------+-------+-------++-------
Melee: Falchion          |     2 |       |       |       |       ||     2
       Quarterstaff      |    11 |    19 |    50 |   121 |    84 ||   285
       Lajatang          |       |       |       |       |    24 ||    24
Throw: Javelin           |       |       |       |   118 |   147 ||   265
Invok: Berserk           |     1 |       |       |     3 |     2 ||     6
       Trog's Hand       |       |     1 |       |     5 |     5 ||    11
       Brothers in Arms  |       |       |     2 |     6 |    11 ||    19
 Abil: Hop               |       |       |       |       |     4 ||     4
Evoke: Wand              |       |       |       |       |     2 ||     2
       Lamp of fire      |       |       |       |       |     1 ||     1
  Use: Potion            |       |       |       |     1 |    18 ||    19
       Scroll            |       |       |       |     4 |    25 ||    29
 Stab: Paralysed         |       |     1 |     2 |     2 |       ||     5
       Petrified         |       |       |       |     1 |       ||     1
  Eat: Chunk             |       |       |     1 |    14 |     5 ||    20
       Ration            |       |       |       |     2 |     2 ||     4
Armor: Animal skin       |     2 |       |       |       |       ||     2
       Scale mail        |       |     4 |     9 |    41 |     7 ||    61
       Gold dragon scale |       |       |       |       |   134 ||   134
Dodge: Dodged            |     6 |     6 |    27 |    78 |    97 ||   214
